[Event "*** MasterClass Titled Tuesday Blitz"]
[Site "Chess.com"]
[Date "2017.12.05"]
[Round "9"]
[White "StellarChessPro"]
[Black "chidori_boruto"]
[Result "1/2-1/2"]
[WhiteElo "2346"]
[BlackElo "2526"]
[TimeControl "180+2"]
[EndTime "16:15:28 PST"]
[Termination "Game drawn by stalemate"]

1. d4 d5 2. Nf3 Nf6 3. e3 c5 4. dxc5 e6 5. c4 Bxc5 6. Nc3 O-O 7. cxd5 exd5 8. Be2 Nc6 9. O-O a6 10. h3 Qd6 11. b3 Rd8 12. Bb2 d4 13. exd4 Nxd4 14. Nxd4 Bxd4 15. Bf3 Bf5 16. Na4 Be4 17. Bxe4 Nxe4 18. Qxd4 Qxd4 19. Bxd4 Rxd4 20. Rad1 Rad8 21. Rxd4 Rxd4 22. Re1 g6 23. f3 Ng3 24. Nc5 Rd2 25.
a4 b5 26. axb5 axb5 27. Ne4 Nxe4 28. Rxe4 Kg7 29. Rb4 Rd5 30. Re4 Rd2 31. Re5 b4 32.
Re4 Kf6 33. Rxb4 Rb2 34. Rb7 h5 35. h4 Ke6 36. Kh2 f6 37. Kg3 Kf5 38. b4 g5 39.
hxg5 fxg5 40. b5 Rb3 41. b6 h4+ 42. Kh2 Kg6 43. Rb8 Rb4 44. Kh3 Kg7 45. b7 Kh7 46.
Kh2 Rb1 47. Kh3 Rb4 48. f4 gxf4 49. Kg4 Kg7 50. Kf3 Kh7 51. Ke2 Kg7 52. Kf2 Kh7 53. Kf3 Kg7 54. Kg4 Kh7 55. Kh3 Kg7 56. Kh2 Rb3 57.
Kg1 Rb2 58. Kf1 Kh7 59. Rf8 Rxb7 60. Rxf4 Rb2 61. Rxh4+ Kg6 62. Kg1 Kg5 63. Rh8 Kg4 64. Kh2 Ra2 65. Rg8+ Kh4 66. Rb8 Rc2 67. Rb4+ Kg5 68.
Kh3 Kg6 69. g3 Rc5 70. Kg4 Ra5 71. Rb6+ Kg7 72. Kh4 Rc5 73. g4 Ra5 74. Re6 Rb5 75. Re1 Ra5 76. Rf1 Rb5 77. Rc1 Ra5 78. g5 Ra2 79. Rg1 Kg6 80. Rg4 Ra1 81. Rg2 Ra4+ 82. Rg4 Ra1 83. Rg3 Ra4+ 84. Kh3 Rb4 85. Rg4 Rb1 86.
Rg2 Rb5 87. Kh4 Rb4+ 88. Rg4 Rxg4+ 89. Kxg4 Kg7 90. Kh5 Kh7 91. Kg4 Kg6 92. Kf4 Kg7 93. Kf5 Kf7 94. Kg4 Kg6 95. Kf4 Kg7 96. Kf5 Kf7 97. g6+ Kg7 98. Kg5 Kg8 99. Kf5 Kg7 100. Kg5 Kg8 101. Kf6 Kf8 102. Kg5 Kg7 103. Kh5 Kg8 104.
Kh6 Kh8 105. Kg5 Kg7 106. Kf5 Kg8 107. Kf6 Kf8 108. g7+ Kg8 109. Kg6 1/2-1/2

[Event "*** MasterClass Titled Tuesday Blitz"]
[Site "Chess.com"]
[Date "2017.12.05"]
[Round "9"]
[White "Salem-AR"]
[Black "pKiLz5Rn9b"]
[Result "0-1"]
[WhiteElo "2802"]
[BlackElo "2659"]
[TimeControl "180+2"]
[EndTime "16:15:39 PST"]
[Termination "pKiLz5Rn9b won on time"]

1. Nf3 Nf6 2. c4 e6 3. g3 b6 4. Bg2 Bb7 5. O-O Be7 6. d4 O-O 7. Re1 d5 8. cxd5 exd5 9. Nc3 Na6 10. Nh4 Ne4 11. Nf5 Bf6 12. Bf4 g6 13. Nh6+ Kh8 14. Rc1 c5 15. Nxe4 dxe4 16. Qb3 Qd5 17. Qxd5 Bxd5 18. dxc5 Nxc5 19. Red1 Bxa2 20. b4 Ne6 21.
Bxe4 Nxf4 22. gxf4 Rae8 23. Bf3 Be6 24. b5 Re7 25.
Ng4 Bb2 26. Rc6 Ba3 27. Ne5 f6 28. Nd3 Bf5 29. Ra1 Bxd3 30. exd3 Bc5 31. Ra4 Rd7 32. Kg2 Kg7 33. h4 Rff7 34. Be2 Rfe7 35. Kf1 Rd8 36. h5 Rde8 37. Bf3 Rd8 38. Be2 f5 39. hxg6 hxg6 40.
Rc4 Red7 41. Kg2 Re7 42. Kf1 Rde8 43. Bf3 Re1+ 44. Kg2 Rd8 45. Rc7+ Kh6 46. Ra4 Re7 47.
Rxe7 Bxe7 48. Rxa7 Bc5 49. Be2 Rd4 50. Kf3 Rb4 51. Rd7 Rxb5 52. d4 Rb3+ 53. Kg2 Ba3 54. Bc4 Rc3 55. Bg8 Kh5 56. f3 Bf8 57. Rh7+ Bh6 58.
d5 Rd3 59. Kg3 b5 60. Ra7 Rd4 61. Rh7 b4 62. d6 Rxd6 63. Bf7 Rb6 64. Rh8 b3 0-1

[Event "*** MasterClass Titled Tuesday Blitz"]
[Site "Chess.com"]
[Date "2017.12.05"]
[Round "9"]
[White "1e41-0"]
[Black "johannesh"]
[Result "0-1"]
[WhiteElo "2333"]
[BlackElo "2305"]
[TimeControl "180+2"]
[EndTime "16:15:41 PST"]
[Termination "johannesh won by checkmate"]

1. e4 c6 2. d4 d5 3. exd5 cxd5 4. c4 Nf6 5. Nc3 Nc6 6. Bg5 Ne4 7. cxd5 Nxc3 8. bxc3 Qxd5 9. Nf3 Bg4 10. Qb3 e6 11. Bc4 Qd7 12. Ne5 Nxe5 13. dxe5 a6 14. h3 Bf5 15. Rd1 Qc6 16. O-O Be4 17. f3 Bc5+ 18. Kh2 Bg6 19. h4 O-O 20. g4 h6 21.
h5 Bh7 22. Bh4 b5 23. Be2 Be3 24. Rd6 Qc5 25. Bg3 Rac8 26. f4 Qxc3 27. Qxc3 Rxc3 28. Rxa6 Rc2 29. Re1 Bd3 30. Ra3 Bxe2 31. Rxe3 Bxg4+ 32. Kg1 Rxa2 33. Rb3 Bxh5 34. Rxb5 Bf3 35. Bf2 Rd8 36. Rb3 Bd5 37. Rd3 Rc8 38. Rf1 g6 39. f5 gxf5 40. Rg3+ Kh7 41. Kh2 Rg8 42. Rxg8 Kxg8 43. Rg1+ Kh7 44.
Kg3 Re2 45. Rf1 Rxe5 46. Rb1 Re4 47. Rb8 Rg4+ 48. Kh3 Bg2+ 49. Kh2 Bd5 50. Bc5 e5 51. Bd6 e4 52. Be5 Be6 53. Rh8+ Kg6 54. Kh3 f4 55.
Kh2 f3 56. Bd4 Rg2+ 57. Kh1 Re2 58. Kg1 e3 59. Rg8+ Kf5 60. Rg3 Ke4 61. Bc5 h5 62. Bb4 Rg2+ 63. Rxg2 fxg2 64. Kxg2 f5 65. Be1 f4 66.
Bh4 Bg4 67. Kf1 f3 68. Ke1 f2+ 69. Kf1 Bh3+ 70. Ke2 f1=Q# 0-1

[Event "*** MasterClass Titled Tuesday Blitz"]
[Site "Chess.com"]
[Date "2017.12.05"]
[Round "9"]
[White "jcibarra"]
[Black "krzyzan94"]
[Result "1/2-1/2"]
[WhiteElo "2679"]
[BlackElo "2609"]
[TimeControl "180+2"]
[EndTime "16:16:34 PST"]
[Termination "Game drawn - insufficient material"]

1. e4 e5 2. Nf3 Nc6 3. d4 exd4 4.
Nxd4 Nf6 5. Nxc6 bxc6 6. Qe2 Bc5 7. e5 Nd5 8. c4 Nb6 9. Be3 Qe7 10. Bxc5 Qxc5 11. Nc3 Ba6 12. b3 O-O 13. f4 d5 14.
Qf2 Qb4 15. Qd2 dxc4 16. Ne4 c3 17. Qc2 Bxf1 18. Rxf1 Nd5 19. Rf3 f5 20. Nxc3 Nxf4 21. Kf1 Ne6 22. Qf2 Ng5 23. Re3 Ne4 24. Qe1 Qc5 25.
Nxe4 fxe4+ 26. Kg1 Rad8 27. Rc1 Qxe5 28. Rxe4 Qd5 29. h3 Rf7 30. Kh2 Qd6+ 31. Qg3 h6 32. Qxd6 Rxd6 33. Rc2 Rf5 34. Ra4 a5 35. Rac4 Rfd5 36.
Rxc6 Rxc6 37. Rxc6 Rd2 38. a4 Rb2 39. Rxc7 Rxb3 40.
Rc5 Ra3 41. Rxa5 Kh7 42. Ra6 h5 43. h4 Ra2 44. Kh3 Ra3+ 45. Kh2 Ra2 46. Kg3 Ra3+ 47.
Kf4 Ra2 48. g3 Ra3 49. Ra5 Kh6 50. Ra8 g6 51. Ra7 Rb3 52. a5 Rb4+ 53. Ke5 Rb5+ 54. Kf6 Rf5+ 55. Ke6 Rf3 56. Rb7 Rxg3 57. a6 Ra3 58.
Rb6 Ra4 59. Kf7 Rxh4 60. Rxg6+ Kh7 61. Rg5 Rf4+ 62. Ke7 Ra4 63. Kf7 Rf4+ 64. Ke6 Ra4 65. Kf7 Rf4+ 66. Ke7 Ra4 67. Rxh5+ Kg6 68. Rh1 Rxa6 69. Rg1+ Kf5 70. Rf1+ Ke5 71. Rh1 Ra7+ 72. Kd8 Kd6 73. Rh6+ Ke5 74. Kc8 Rg7 75. Rb6 Kd5 76.
Rb7 Rg8+ 77. Kc7 Kc5 78. Rb1 Rg7+ 79. Kd8 Kd6 80. Rd1+ Kc6 81. Ke8 Rg8+ 82. Kf7 Rg5 83. Kf6 Rd5 84. Re1 Kd6 85. Re8 Kd7 86. Re7+ Kd6 87.
Re8 Kd7 88. Re5 Rxe5 89. Kxe5 1/2-1/2

[Event "*** MasterClass Titled Tuesday Blitz"]
[Site "Chess.com"]
[Date "2017.12.05"]
[Round "9"]
[White "sandromareco"]
[Black "MITerryble"]
[Result "1/2-1/2"]
[WhiteElo "2622"]
[BlackElo "2665"]
[TimeControl "180+2"]
[EndTime "16:16:34 PST"]
[Termination "Game drawn - insufficient material"]

1. e4 e6 2. d4 d5 3. Nc3 Nf6 4. e5 Nfd7 5. f4 c5 6. Nf3 Nc6 7. Be3 Be7 8. Qd2 O-O 9. h4 cxd4 10. Nxd4 Bc5 11. O-O-O a6 12. Qf2 Nxd4 13. Bxd4 Qc7 14. h5 b5 15. Bd3 Bxd4 16. Qxd4 Nc5 17. h6 g6 18. Kb1 Rb8 19. Ne2 b4 20. Qf2 a5 21.
Qh4 Qd8 22. Qxd8 Rxd8 23. Nd4 Bd7 24. Kc1 Rbc8 25. Kd2 Na4 26. Rb1 Nc5 27. Ke3 Kf8 28.
g4 Ke7 29. Rhf1 Rg8 30. Nf3 Bc6 31. Kd4 Nd7 32. Rbc1 Rb8 33. Rf2 Bb5 34. c4 dxc4 35. Bxc4 Rgd8 36. Ke3 Bxc4 37. Rxc4 Nb6 38. Rd4 Rxd4 39.
Nxd4 Rc8 40. Ke4 Rc4 41. f5 Nd7 42. fxg6 fxg6 43. Rc2 Nc5+ 44. Ke3 Rxc2 45. Nxc2 Na4 46. Nd4 Nxb2 47. Nc6+ Kf7 48. Nxa5 Na4 49. Kd3 Nc3 50. a3 Nd5 51. axb4 Nxb4+ 52. Ke4 g5 53. Nb7 Nc6 54. Nc5 Nd8 55. Kd4 Kg6 56. Ke4 Kxh6 57. Nd7 Kg6 58. Nf8+ Kg7 59. Nd7 Kf7 60. Nf6 h6 61. Nd7 Ke7 62.
Nf6 Kf7 63. Nd7 Kg7 64. Kd4 Nf7 65. Ke4 Nh8 66. Nc5 Kf7 67. Nd7 Ng6 68. Nc5 Nf4 69. Nd7 h5 70. gxh5 Nxh5 71. Kf3 Nf4 72. Kg4 Kg6 73.
Nf8+ Kh6 74. Nd7 Ng6 75. Nc5 Nxe5+ 76. Kg3 Kg6 77. Nxe6 Kf5 78. Nd4+ Ke4 79. Ne6 Kf5 80. Nd4+ Kf6 81. Ne2 Nf7 82. Nc3 Nh6 83. Ne4+ Kg6 84. Kf3 Nf5 85. Kg4 Nh6+ 86. Kf3 Kf5 87. Nxg5 Ng4 88.
Nh3 Ne5+ 89. Kg3 Nf7 90. Nf2 Nd6 91. Nd1 Ne4+ 92. Kf3 Nc3 93. Nxc3 1/2-1/2

[Event "*** MasterClass Titled Tuesday Blitz"]
[Site "Chess.com"]
[Date "2017.12.05"]
[Round "9"]
[White "Alexander_Moskalenko"]
[Black "JoachimBN"]
[Result "1-0"]
[WhiteElo "2751"]
[BlackElo "2551"]
[TimeControl "180+2"]
[EndTime "16:16:41 PST"]
[Termination "Alexander_Moskalenko won by resignation"]

1. e3 g6 2. d4 Bg7 3. Nf3 c5 4.
Nbd2 b6 5. Bd3 Bb7 6. O-O Nf6 7. Re1 O-O 8. Qe2 d5 9. c3 Nc6 10. Ba6 Qc8 11. Bxb7 Qxb7 12. a4 Nd7 13. b3 e5 14.
dxe5 Ndxe5 15. Bb2 Rfe8 16. Nxe5 Bxe5 17. Nf3 Bg7 18.
Qc2 Rad8 19. Rad1 c4 20. b4 a6 21. Nd4 Ne5 22. Ne2 Nd3 23. Rf1 Qd7 24. Nc1 Nxb2 25.
Qxb2 Qxa4 26. Ne2 a5 27. bxa5 Qxa5 28. Rb1 Rb8 29. Rfd1 Red8 30. Nd4 Qc5 31. g3 h5 32. Qb5 Rdc8 33. h4 Qxb5 34. Rxb5 Rc5 35. Rdb1 Rxb5 36. Rxb5 Bxd4 37. exd4 Ra8 38. Rxb6 Ra3 39. Rd6 Ra5 40. Kg2 Kf8 41. Rf6 Ke7 42. Rf3 Ra2 43. Re3+ Kd6 44.
Rf3 Ke6 45. Re3+ Kd6 46. Rf3 Ke6 47. Kf1 Rc2 48. Ke1 Ra2 49. Kf1 Rc2 50. Kg1 Ra2 51.
Kh2 Rc2 52. Kh3 Ra2 53. g4 hxg4+ 54. Kxg4 Ra1 55. Kg5 Rg1+ 56. Rg3 Rf1 57. Re3+ Kd6 58. Rf3 Ke7 59. h5 Rg1+ 60. Rg3 Rf1 61. Re3+ Kf8 62.
Rf3 Rg1+ 63. Rg3 Rf1 64. Rf3 gxh5 65. Kxh5 Rg1 66. Rg3 Rf1 67. Rf3 Kg7 68. Kg5 Re1 69.
Kf5 f6 70. Re3 Rc1 71. Ke6 Rc2 72. Kxd5 Rxf2 73. Kxc4 Kg6 74. Kd5 f5 75. c4 Kg5 76.
Rc3 f4 77. c5 Re2 78. c6 Re8 79. c7 Rc8 80. Ke6 Kg4 81. Kd7 f3 82. Kxc8 1-0

[Event "*** MasterClass Titled Tuesday Blitz"]
[Site "Chess.com"]
[Date "2017.12.05"]
[Round "9"]
[White "HarutyunianTigranK"]
[Black "Koksik_13"]
[Result "0-1"]
[WhiteElo "2531"]
[BlackElo "2381"]
[TimeControl "180+2"]
[EndTime "16:17:43 PST"]
[Termination "Koksik_13 won by resignation"]

1. c4 b6 2. Nc3 Bb7 3. Nf3 e6 4. g3 Nf6 5. Bg2 Be7 6. O-O O-O 7. Re1 d5 8. cxd5 exd5 9. d4 c5 10. Bf4 Nc6 11. Rc1 Ne4 12. dxc5 Bxc5 13. Rf1 Ne7 14. Nd4 Ng6 15. Be3 Qf6 16. a3 a5 17. Na4 Rac8 18. Bh3 Rc7 19. b4 axb4 20. axb4 Bd6 21. Rxc7 Bxc7 22.
Nb5 Bd8 23. Qd4 Qc6 24. Nac3 Bf6 25. Nxe4 Bxd4 26. Nxd4 Qa4 27. Nd6 Qxb4 28. Nxb7 Qe7 29.
Nf5 Qxb7 30. Rb1 b5 31. Bd4 f6 32. Nd6 Qc7 33. Nxb5 Qc4 34. e3 Rb8 35. Bf1 Qc6 36. Kg2 Ne5 37. Na7 Qa8 38. Rc1 Nc4 39. Ra1 h5 40. h4 Qb7 41. Be2 Qe7 42. Bf3 Qe6 43. Rc1 Nd2 44. Rc6 Qd7 45. Bxh5 Nb3 46.
Bb6 d4 47. Rc7 Qd6 48. Nc8 Qe6 49. Ne7+ Kh8 50. Bxd4 Nxd4 51. exd4 Qd6 52. Ra7 Qb6 53. Rd7 Qe6 54. Ra7 Qb6 55. Rd7 Rd8 56. Nd5 Qa5 57. Rxd8+ Qxd8 58. Bf3 Qd6 59. h5 Qd7 60. Be4 Qa4 61. Bf3 Qxd4 62. Nf4 Qa1 63. Ng6+ Kh7 64. Nf8+ Kh6 65. Ng6 Qb2 66. Nh4 Qb1 67. Ng6 Kg5 68.
Nf4 Qa2 69. Nh3+ Kh6 70. Nf4 f5 71. Nd5 g6 72. hxg6 Kxg6 73. Nf4+ Kf6 74. Nd5+ Ke5 75. Nf4 Kd4 76. Ne2+ Ke5 77. Nf4 Qa7 78. Nd3+ Kd4 79. Nb4 Kc3 80. Nd5+ Kd2 81. Ne3 Qc5 82. Kf1 Kc1 83.
Kg2 Qe5 84. Nd5 Kd2 85. Nf4 Qf6 86. Nd5 Qd6 87. Ne3 Qb8 88. Nxf5 Ke1 89. Ne3 Qb2 90.
Ng4 Qa2 91. Be4 Qe6 92. Bf3 Qb6 93. Kh3 Kf1 94. Bg2+ Kg1 95. Nh2 Qh6+ 96. Kg4 Kxh2 0-1

[Event "*** MasterClass Titled Tuesday Blitz"]
[Site "Chess.com"]
[Date "2017.12.05"]
[Round "9"]
[White "TregubovP"]
[Black "champ2005"]
[Result "1/2-1/2"]
[WhiteElo "2498"]
[BlackElo "2439"]
[TimeControl "180+2"]
[EndTime "16:20:06 PST"]
[Termination "Game drawn by 50-move rule"]

1. d4 Nf6 2. c4 e6 3. Nf3 d5 4. Nc3 c6 5. Qb3 dxc4 6. Qxc4 b5 7. Qd3 a6 8. e4 c5 9. e5 cxd4 10. Nxb5 axb5 11. exf6 gxf6 12. Qxd4 Qxd4 13. Nxd4 b4 14. Bb5+ Bd7 15. Ke2 Bc5 16. Bxd7+ Nxd7 17. Nb3 Bd6 18. Be3 Ke7 19. Rhd1 Ra6 20. Rd2 Ne5 21. Rc1 Rxa2 22. f4 Ng6 23. g3 Ra6 24. Bc5 Rd8 25. Rxd6 Rdxd6 26. Bxb4 Rb6 27. Rc7+ Kd8 28. Bxd6 Rxb3 29. Rxf7 Rxb2+ 30. Kf3 Rxh2 31. Rxf6 Kd7 32. Bc5 Rc2 33. Be3 Ke7 34. Bd4 Rc4 35. Ke3 Ra4 36. g4 Ra3+ 37. Ke4 Ra4 38. g5 Ra5 39. Be3 Ra4+ 40. Kf3 Ra3 41. Ke2 Ra2+ 42. Kf3 Ra3 43. Ke4 Ra4+ 44. Bd4 Rb4 45. Kd3 Rb3+ 46. Kc4 Rf3 47. Bc5+ Kd7 48.
Rf7+ Kc6 49. Bd4 Rxf4 50. Rf6 Kd6 51. Kd3 Rxf6 52. Bxf6 Kd5 53. Ke3 e5 54. Kf3 Nf8 55.
Kg4 Ke6 56. Kh5 Kf5 57. Kh6 e4 58. Be7 Ne6 59. Kxh7 Nxg5+ 60. Kh6 Nf3 61. Kh5 e3 62. Bb4 e2 63. Ba5 Kf4 64. Bb4 Ke3 65. Bc5+ Nd4 66.
Bb4 Kd3 67. Kg4 Nc2 68. Ba5 Ke3 69. Kg3 Nd4 70. Kg2 Nb3 71. Bb4 Nd2 72. Bc5+ Kd3 73.
Bf2 Kc2 74. Bh4 Kd1 75. Bg3 Ne4 76. Bh4 Nd2 77. Bg3 Nc4 78. Kf3 Ne5+ 79. Ke3 Ng4+ 80. Kf3 Nf6 81. Bh4 Nd5 82. Ke4 Nc3+ 83. Kd3 Nb1 84. Ke3 Nd2 85. Kd3 Nf3 86. Bg3 Ne1+ 87.
Ke3 Nc2+ 88. Kd3 Nb4+ 89. Ke3 Nd5+ 90. Kf3 Kd2 91. Bh4 Ne3 92. Bg3 Nf5 93. Bf2 Nd4+ 94. Ke4 Nc2 95. Kf3 Ne1+ 96. Ke4 Nd3 97. Bg3 Nc5+ 98.
Kf3 Nb3 99. Bh4 Nd4+ 100. Ke4 Nc2 101. Kf3 Ne3 102. Ke4 Nd1 103. Kf3 Nb2 104. Bg3 Nd3 105. Bh4 Ne1+ 106. Ke4 Kd1 107. Bg3 Nc2 108. Bh4 Nb4 109. Bg3 Kd2 110. Bh4 Nd3 111. Bg3 Nc5+ 112. Kf3 Ne6 113. Bh4 Ng7 114. Kg4 Ke3 115. Be1 Ne6 116. Bh4 Nf4 117. Be1 Nd3 118. Ba5 Nf2+ 119. Kg3 Ne4+ 120. Kg2 Nd2 121. Bb6+ Kd3 122. Bf2 Ne4 123. Bh4 Ke3 124. Be1 Nc5 125. Bf2+ Kd3 126. Kf3 Ne4 127. Bh4 Nd2+ 128. Kf2 Ne4+ 129. Kf3 Nc5 130. Be1 Nb3 1/2-1/2

[Event "*** MasterClass Titled Tuesday Blitz"]
[Site "Chess.com"]
[Date "2017.12.05"]
[Round "10"]
[White "lrivaspicazo"]
[Black "R2D3"]
[Result "1-0"]
[WhiteElo "1739"]
[BlackElo "1685"]
[TimeControl "180+2"]
[EndTime "16:23:40 PST"]
[Termination "lrivaspicazo won by resignation"]

1. e4 d5 2. exd5 Qxd5 3. Nf3 Bg4 4. Be2 Nf6 5. h3 Bh5 6. Nc3 Qf5 7. g4 Nxg4 8. hxg4 Bxg4 9. Nd4 Bxe2 10. Nxf5 Bxd1 11. Kxd1 e6 12. Nd4 Bc5 13. Nb3 Bxf2 14. Ne4 Bb6 15. d4 Nc6 16. c3 O-O-O 17. Ng5 Ne5 18. Kc2 f6 19. Nxe6 Rde8 20. Nxg7 Re7 21. Nf5 Re6 22.
dxe5 Rxe5 23. Nfd4 Rhe8 24. Bf4 Re4 25. Raf1 c5 26. Nf5 Re2+ 27. Nd2 c4 28. Nd6+ 1-0

[Event "*** MasterClass Titled Tuesday Blitz"]
[Site "Chess.com"]
[Date "2017.12.05"]
[Round "10"]
[White "sandromareco"]
[Black "Diwi89"]
[Result "0-1"]
[WhiteElo "2616"]
[BlackElo "2728"]
[TimeControl "180+2"]
[EndTime "16:23:55 PST"]
[Termination "Diwi89 won by checkmate"]

1. e4 c5 2. Nf3 Nc6 3. d4 cxd4 4. Nxd4 Nf6 5. Nc3 e5 6. Ndb5 d6 7. Bg5 a6 8. Na3 b5 9. Nd5 Be7 10. Bxf6 Bxf6 11. c4 Nd4 12. cxb5 O-O 13. Bc4 axb5 14. Nxb5 Nxb5 15. Bxb5 Qa5+ 16. Nc3 d5 17. exd5 e4 18.
Qb3 Rb8 19. a4 Bxc3+ 20. bxc3 Rxb5 21. Qxb5 Qxc3+ 22. Ke2 Bg4+ 23. f3 exf3+ 24. Kf2 Qd2+ 25.
Kg3 Qxg2+ 26. Kf4 f2 27. Qd3 Re8 28. h4 Be2 29. Qh3 Re4+ 30. Kf5 Qg6# 0-1

[Event "*** MasterClass Titled Tuesday Blitz"]
[Site "Chess.com"]
[Date "2017.12.05"]
[Round "10"]
[White "Sola00"]
[Black "FearNoEvil12"]
[Result "0-1"]
[WhiteElo "1542"]
[BlackElo "2072"]
[TimeControl "180+2"]
[EndTime "16:24:15 PST"]
[Termination "FearNoEvil12 won by resignation"]

1. d4 b5 2. e4 a6 3. Bd3 Bb7 4. Nf3 e6 5. Be3 Nf6 6. Nbd2 d6 7. c3 Nbd7 8. O-O h6 9. Qc2 g5 10. Rfe1 g4 11. Nh4 Nh7 12. g3 Be7 13. Ng2 h5 14. e5 Ng5 15. Bxg5 Bxg5 16. Ne4 dxe5 17. dxe5 Nxe5 18. Nxg5 Qxg5 19. Nf4 Nf3+ 20. Kf1 Nxh2+ 21. Ke2 O-O-O 22. Kd2 e5 23. Rad1 exf4 24. gxf4 Qxf4+ 25. Re3 Qxf2+ 26. Re2 Qf4+ 27. Re3 Rxd3+ 28. Qxd3 Rd8 29. Qxd8+ Kxd8 30. Re1 Nf3+ 31. Kc1 Nxe1 0-1

[Event "*** MasterClass Titled Tuesday Blitz"]
[Site "Chess.com"]
[Date "2017.12.05"]
[Round "10"]
[White "josemoramoron"]
[Black "evgenysharapov"]
[Result "0-1"]
[WhiteElo "2189"]
[BlackElo "2322"]
[TimeControl "180+2"]
[EndTime "16:24:55 PST"]
[Termination "evgenysharapov won by resignation"]

1. e4 c5 2. Nf3 d6 3. d4 cxd4 4. Nxd4 Nf6 5. Nc3 Nc6 6. Bc4 Qb6 7. Be3 Qxb2 8. Ndb5 Qb4 9. Bd3 Qa5 10. Rb1 e6 11. O-O Be7 12. Bd2 Qd8 13. Ne2 O-O 14. Ng3 a6 15. Nc3 b5 16. f4 Bb7 17. Qe2 Qc7 18. f5 Ne5 19. Rb3 Rac8 20. Kh1 Nc4 21. Bg5 Na5 22.
Rb4 0-1

[Event "*** MasterClass Titled Tuesday Blitz"]
[Site "Chess.com"]
[Date "2017.12.05"]
[Round "10"]
[White "TomasPabloFerreira"]
[Black "saikrishnaReturns"]
[Result "0-1"]
[WhiteElo "974"]
[BlackElo "2419"]
[TimeControl "180+2"]
[EndTime "16:25:02 PST"]
[Termination "saikrishnaReturns won by resignation"]

1. e4 e5 2. Nf3 Nc6 3. Bb5 a6 4. Bxc6 dxc6 5. d3 f6 6. O-O c5 7. Nc3 g5 8. Be3 h5 9. Nd5 Be6 10. c4 c6 11. Nc3 b5 12. cxb5 axb5 13. b3 h4 14. h3 g4 15. Nh2 gxh3 16. gxh3 Bxh3 17.
Re1 Qd7 18. Bd2 Qg7+ 19. Qg4 Bxg4 20. Nxg4 Qxg4+ 21. Kf1 h3 0-1

[Event "*** MasterClass Titled Tuesday Blitz"]
[Site "Chess.com"]
[Date "2017.12.05"]
[Round "10"]
[White "Koksik_13"]
[Black "VladDobrov"]
[Result "0-1"]
[WhiteElo "2371"]
[BlackElo "2609"]
[TimeControl "180+2"]
[EndTime "16:25:24 PST"]
[Termination "VladDobrov won by resignation"]

1. e4 c5 2. b4 cxb4 3. a3 d5 4.
exd5 Qxd5 5. axb4 Qe5+ 6. Be2 Qxa1 7. Nc3 e6 8. Nf3 Bxb4 9. O-O Nf6 10. Nb5 Na6 11. c3 Be7 12. Qb3 Qa5 13. Bb2 O-O 14.
Ra1 Qb6 15. c4 Nc7 16. Bd4 Bc5 17. Bxf6 Nxb5 18. cxb5 gxf6 19. Ra4 e5 20. Bd3 Be6 21. Bxh7+ Kg7 22. Qd1 Rfd8 23. Nh4 Bxf2+ 24. Kh1 Bxh4 25. Rxh4 Qf2 0-1

[Event "*** MasterClass Titled Tuesday Blitz"]
[Site "Chess.com"]
[Date "2017.12.05"]
[Round "10"]
[White "MultiWebCreation"]
[Black "d4xaoc"]
[Result "1-0"]
[WhiteElo "1335"]
[BlackElo "1191"]
[TimeControl "180+2"]
[EndTime "16:25:28 PST"]
[Termination "MultiWebCreation won by checkmate"]

1. e4 e6 2. d4 c5 3. c3 cxd4 4. cxd4 Bb4+ 5. Nc3 Qa5 6. Bd2 Ne7 7. a3 Bxc3 8. Bxc3 Qd8 9. Nf3 d6 10. Be2 O-O 11. O-O f5 12. Nd2 fxe4 13. Nxe4 d5 14. Ng3 Nbc6 15. Bd3 Nf5 16. Nxf5 exf5 17. Re1 Qf6 18. Bc2 Bd7 19. Qd2 Ne7 20. Re5 b6 21. Bb4 Nc6 22. Rxd5 Nxb4 23. Rxd7 Nxc2 24. Qxc2 f4 25. Re1 f3 26. Ree7 Qg6 27. Qxg6 hxg6 28. Rxg7+ Kh8 29. Rh7+ Kg8 30. Rdg7# 1-0

[Event "*** MasterClass Titled Tuesday Blitz"]
[Site "Chess.com"]
[Date "2017.12.05"]
[Round "10"]
[White "Rodalquilar"]
[Black "juniortay"]
[Result "1-0"]
[WhiteElo "2490"]
[BlackElo "2323"]
[TimeControl "180+2"]
[EndTime "16:25:31 PST"]
[Termination "Rodalquilar won by resignation"]

1. d4 Nf6 2. Bf4 c5 3. d5 d6 4. Nc3 g6 5. e4 Bg7 6. Bb5+ Nfd7 7. a4 O-O 8. Nf3 Na6 9. O-O Nc7 10. Be2 a6 11. a5 b5 12. axb6 Nxb6 13. Qd2 Rb8 14. Bh6 Bg4 15. Bxg7 Kxg7 16. Rfd1 Qd7 17. b3 Ra8 18.
Qe3 a5 19. e5 a4 20. h3 Bxf3 21.
Bxf3 axb3 22. cxb3 Qf5 23. Rxa8 Rxa8 24. exd6 exd6 25.
Qe7 Qd7 26. Qh4 f5 27. b4 c4 28. Qd4+ 1-0

[Event "*** MasterClass Titled Tuesday Blitz"]
[Site "Chess.com"]
[Date "2017.12.05"]
[Round "10"]
[White "pKiLz5Rn9b"]
[Black "robbykevlishvili"]
[Result "1/2-1/2"]
[WhiteElo "2655"]
[BlackElo "2457"]
[TimeControl "180+2"]
[EndTime "16:26:07 PST"]
[Termination "Game drawn by agreement"]

1. b3 e5 2. Bb2 Nc6 3. e3 Nf6 4. Nf3 e4 5. Nd4 Nxd4 6. Bxd4 d5 7. c4 dxc4 8. Bxc4 Be7 9. O-O O-O 10. Nc3 Bf5 11.
f3 Bg6 12. Rc1 exf3 13. Qxf3 c6 14. a4 Nd7 15. Ne4 Kh8 16. Qg3 f5 17. Nf2 Nf6 18. Nd3 Ne4 19. Qe1 Bf6 20. Ne5 Bxe5 21. Bxe5 Qxd2 22.
Qxd2 Nxd2 23. Rfd1 Nxc4 24. Rxc4 Rad8 25. Rcd4 Rde8 26. Bf4 Bf7 1/2-1/2

[Event "*** MasterClass Titled Tuesday Blitz"]
[Site "Chess.com"]
[Date "2017.12.05"]
[Round "10"]
[White "Jumbo"]
[Black "luisgui16"]
[Result "1-0"]
[WhiteElo "2470"]
[BlackElo "2317"]
[TimeControl "180+2"]
[EndTime "16:26:13 PST"]
[Termination "Jumbo won by resignation"]

1. e4 g6 2. d4 Bg7 3. Bc4 d6 4. Nf3 Nf6 5. Qe2 c6 6. Bb3 O-O 7. c3 d5 8. e5 Ne8 9. Nbd2 c5 10. dxc5 Nc6 11. Nf1 Bg4 12. Ne3 Bxf3 13. gxf3 d4 14. Nc4 Nc7 15. f4 Ne6 16. h4 Nxc5 17. h5 Nxb3 18.
axb3 Qd5 19. Rh2 b5 20. Nd2 Rad8 21. c4 Qc5 22. Qf3 Nxe5 23. Qh3 Nd7 24. hxg6 Nf6 25.
Ne4 Qh5 26. Nxf6+ 1-0

[Event "*** MasterClass Titled Tuesday Blitz"]
[Site "Chess.com"]
[Date "2017.12.05"]
[Round "10"]
[White "Kaphrep"]
[Black "RaphaeI"]
[Result "1-0"]
[WhiteElo "2592"]
[BlackElo "2518"]
[TimeControl "180+2"]
[EndTime "16:26:34 PST"]
[Termination "Kaphrep won by resignation"]

1. Nf3 Nf6 2. b3 d6 3. d4 g6 4. g3 Bg7 5. Bb2 c5 6. Bg2 Qa5+ 7. Nbd2 cxd4 8. Nxd4 e5 9. Nf3 e4 10. O-O exf3 11.
Nc4 fxg2 12. Nxa5 gxf1=Q+ 13. Kxf1 O-O 14. Qxd6 Ne4 15. Qa3 Bh3+ 16. Kg1 Bxb2 17. Qxb2 b6 18. Qe5 Bf5 19. Qd5 Nd7 20. Nc6 Ndf6 21. Ne7+ Kh8 22.
Qe5 Rae8 23. f3 Kg7 24. fxe4 Bxe4 25. Rf1 Bf5 26. e4 Rxe7 27. Qxe7 Re8 28. Qxe8 Nxe8 29. exf5 1-0

[Event "*** MasterClass Titled Tuesday Blitz"]
[Site "Chess.com"]
[Date "2017.12.05"]
[Round "10"]
[White "abubakrtagelsir"]
[Black "sandager"]
[Result "1-0"]
[WhiteElo "2265"]
[BlackElo "1974"]
[TimeControl "180+2"]
[EndTime "16:26:35 PST"]
[Termination "abubakrtagelsir won by resignation"]

1. e4 e5 2. Nf3 Nc6 3. d4 exd4 4. Bc4 Nf6 5. O-O Bc5 6. c3 dxc3 7. e5 d5 8. Bb5 Ne4 9. Nxc3 Nxc3 10. bxc3 O-O 11. Bg5 Be7 12. Bf4 Bg4 13. Qd3 a6 14. Bxc6 bxc6 15.
Nd4 Qd7 16. Qg3 c5 17. Nb3 Bf5 18. Rad1 c6 19. h4 Kh8 20. h5 h6 21. Rd2 Qd8 22. Qe3 Qb6 23. Bxh6 gxh6 24. Qxh6+ Kg8 25. Re1 Qd8 26.
Re3 Bg5 27. Rg3 f6 28. exf6 Qxf6 29. Rxg5+ 1-0

[Event "*** MasterClass Titled Tuesday Blitz"]
[Site "Chess.com"]
[Date "2017.12.05"]
[Round "10"]
[White "Marcin"]
[Black "EndgameGrinder"]
[Result "0-1"]
[WhiteElo "2217"]
[BlackElo "2445"]
[TimeControl "180+2"]
[EndTime "16:26:52 PST"]
[Termination "EndgameGrinder won by checkmate"]

1. d4 d5 2. c4 Nc6 3. Nf3 Bg4 4.
e3 e5 5. cxd5 Qxd5 6. Nc3 Bb4 7.
Bd2 Bxc3 8. bxc3 Qd6 9. Qb1 O-O-O 10. Be2 Nf6 11. a4 Rhe8 12. O-O e4 13. a5 exf3 14. a6 fxe2 15. axb7+ Kd7 16. Rc1 Rb8 17. Ra6 Nd5 18. c4 Nb6 19. c5 Qg6 20. Qb5 Bf3 21. g3 Qg4 22. cxb6 Qh3 23. bxc7 Qg2# 0-1